 Dungeon Crawl Stone Soup version 0.18-a0-1405-g73f4075 (webtiles) character file.

394 Tomstefer the Slasher (level 6, 0/44 HPs)
             Began as a Demonspawn Gladiator on Feb 24, 2016.
             Was a Follower of Okawaru.
             Slain by Grinder (3 damage)
             ... on level 4 of the Dungeon.
             The game lasted 00:09:13 (4306 turns).

Tomstefer the Slasher (Demonspawn Gladiator)        Turns: 4306, Time: 00:09:13

Health: 0/44       AC:  8    Str: 17    XL:     6   Next: 51%
Magic:  6/6        EV: 10    Int:  9    God:    Okawaru [*.....]
Gold:   116        SH:  0    Dex: 14    Spells: 0 memorised, 5 levels left

rFire  . . .     SeeInvis .     a - +0 long sword
rCold  + . .     Gourm    .     l - +0 scale mail
rNeg   . . .     Faith    .     (no shield)
rPois  .         Spirit   .     c - +0 helmet
rElec  .         Dismiss  .     s - +0 cloak
rCorr  .         Reflect  .     (no gloves)
SustAt .         Harm     .     (no boots)
MR     .....                    (no amulet)
Stlth  +.........               (no ring)
                                (no ring)

@: not resistant to hostile enchantments, very unstealthy
A: talons 1, cold resistance 1, nightstalker 1, freezing cloud immunity
a: Heroism, Renounce Religion


You were on level 4 of the Dungeon.
You worshipped Okawaru.
Okawaru was aware of your devotion.
You were not hungry.

You visited 1 branch of the dungeon, and saw 4 of its levels.

You collected 116 gold pieces.

Inventory:

Hand Weapons
 a - a +0 long sword (weapon)
 w - a +0 blowgun
Missiles
 x - 19 poisoned needles
 A - 3 throwing nets (quivered)
Armour
 c - a +0 helmet (worn)
 k - a +0 buckler
 l - a +0 scale mail (worn)
 s - a +0 cloak (worn)
Jewellery
 B - an uncursed ring of magical power {unknown}
Wands
 v - a wand of random effects (19/48)
Scrolls
 b - a scroll of teleportation {unknown}
 e - 3 scrolls of remove curse
 j - a scroll of immolation {unknown}
 n - 2 scrolls of random uselessness {unknown}
 o - a scroll of blinking {unknown}
 t - 2 scrolls of enchant weapon {unknown}
 u - a scroll of fear {unknown}
 y - a scroll of fog {unknown}
Potions
 g - a potion of flight {unknown}
 h - 2 potions of cancellation {unknown}
 i - 2 potions of berserk rage {unknown}
 m - 4 potions of curing {unknown}
 r - a potion of might {unknown}
 z - a potion of degeneration {unknown}
Comestibles
 d - 3 chunks of flesh
 f - 3 bread rations
 p - a meat ration
 q - a slice of pizza


   Skills:
 - Level 2.0 Fighting
 + Level 6.8 Long Blades
 - Level 1.7 Throwing
 - Level 2.6 Dodging


You had 5 spell levels left.
You didn't know any spells.

Dungeon Overview and Level Annotations

Branches:
Dungeon (4/15)
 Temple: D:4-7

Altars:
Cheibriados
Okawaru
Qazlal
Ru
The Shining One

Annotations:
D:4 Grinder


Innate Abilities, Weirdness & Mutations

You have sharp toenails.
Your flesh is cold resistant.
You are slightly more attuned to the shadows.
You are immune to freezing clouds.


Message History

You barely miss Grinder. Your kick misses Grinder.
Grinder is moderately wounded.
Grinder hits you but does no damage.
Your scale mail prevents you from hitting Grinder.
Your kick misses Grinder.
Grinder is moderately wounded.
Grinder hits you.
* * * LOW HITPOINT WARNING * * *
You hit Grinder. You claw Grinder.
Grinder is moderately wounded.
Grinder closely misses you.
Your scale mail prevents you from hitting Grinder.
Grinder is moderately wounded.
Grinder barely misses you.
You slash Grinder! You claw Grinder.
Grinder is severely wounded.
Grinder hits you.
* * * LOW HITPOINT WARNING * * *
You writhe in agony.
You die...

##### ...# #.### #...#
###@# ########## #5#####
.........# ###.....#
.######### #.###...# .#
#..##...# .# ##.##...#
.##############..#...#..
.................'.......
.......#.....5.#.#..5#...


You could see Grinder.

Vanquished Creatures
  A phantom (D:3)
  A howler monkey (D:4)
  Ijyb (D:2)
  Terence (D:2)
  2 orc wizards (D:3)
  A gnoll (D:3)
  5 adders
  2 oozes
  2 worms (D:3)
  2 dart slugs (D:2)
  5 giant geckos
  6 orcs
  3 ball pythons
  8 bats
  5 giant cockroaches
  8 goblins
  6 hobgoblins
  3 quokkas
  4 giant newts
  10 kobolds
  11 rats
87 creatures vanquished.

Notes
Turn   | Place    | Note
--------------------------------------------------------------
     0 | D:1      | Tomstefer the Demonspawn Gladiator began the quest for the Orb.
     0 | D:1      | Reached XP level 1. HP: 16/16 MP: 1/1
    78 | D:1      | Reached skill level 3 in Long Blades
   102 | D:1      | Gained mutation: You have sharp toenails. [demonic ancestry]
   102 | D:1      | Reached XP level 2. HP: 15/22 MP: 2/2
   612 | D:1      | Reached XP level 3. HP: 27/27 MP: 3/3
   813 | D:2      | Noticed Terence
   814 | D:2      | Found a snail-covered altar of Cheibriados.
   819 | D:2      | Killed Terence
   819 | D:2      | Reached skill level 4 in Long Blades
   866 | D:2      | Noticed Ijyb
   901 | D:2      | Killed Ijyb
   901 | D:2      | Gained mutation: Your flesh is cold resistant. [demonic ancestry]
   901 | D:2      | Reached XP level 4. HP: 24/33 MP: 4/4
  1088 | D:2      | Found a glowing golden altar of the Shining One.
  1396 | D:2      | Found a stormy altar of Qazlal.
  1446 | D:2      | Found a sacrificial altar of Ru.
  1446 | D:2      | Found an iron altar of Okawaru.
  1504 | D:2      | Reached skill level 5 in Long Blades
  1534 | D:2      | Became a worshipper of Warmaster Okawaru
  1911 | D:3      | Gained mutation: You are immune to freezing clouds. [demonic ancestry]
  1911 | D:3      | Reached XP level 5. HP: 23/38 MP: 5/5
  3516 | D:3      | Reached skill level 6 in Long Blades
  3668 | D:4      | Reached * piety under Okawaru
  3668 | D:4      | Gained mutation: You are slightly more attuned to the shadows. [demonic ancestry]
  3668 | D:4      | Reached XP level 6. HP: 44/44 MP: 6/6
  4238 | D:4      | Noticed Grinder
  4251 | D:4      | Paralysed by Grinder for 6 turns
  4272 | D:4      | Paralysed by Grinder for 5 turns
  4306 | D:4      | Slain by Grinder

Vault maps used:
D:1:      lightli_arrival_windingriver
D:2:      tso_metal_star, grunt_temple_overflow_open, cheibriados_altar_1,
          uniq_iyjb, uniq_terence
D:3:      st_stairs_13
D:4:      makhleb_altar_promises_db, uniq_grinder

Skill      XL: |  1  2  3  4  5 |
---------------+----------------+-----
Long Blades    | 3 4 5 6 |  6.8
Fighting       | |  2.0
Throwing       | |  1.7
Dodging        | |  2.6

Action                   |  1- 3 |  4- 6 || total
-------------------------+-------+-------++-------
Melee: Long sword        |    89 |   292 ||   381
 Fire: Blowgun           |       |    12 ||    12
Throw: Throwing net      |       |     3 ||     3
  Use: Scroll            |       |     1 ||     1
 Stab: Sleeping          |     1 |       ||     1
  Eat: Chunk             |       |     8 ||     8
       Bread ration      |       |     1 ||     1
